 Dungeon Crawl Stone Soup version 0.19-a0-1922-g1e9a4c1 (webtiles) character file.

404 taqueso the Twirler (level 7, -1/50 HPs)
             Began as a Formicid Hunter on Oct 25, 2016.
             Was an Initiate of Cheibriados.
             Slain by a gnoll sergeant
             ... wielding a +0 trident
              (3 damage)
             ... on level 5 of the Dungeon.
             The game lasted 00:15:46 (4364 turns).

taqueso the Twirler (Formicid Hunter)               Turns: 4364, Time: 00:15:47

Health: -1/50      AC: 10    Str: 19    XL:     7   Next: 12%
Magic:  7/7        EV:  8    Int: 16    God:    Cheibriados [......]
Gold:   145        SH:  0    Dex: 13    Spells: 0 memorised, 6 levels left

rFire  . . .     SeeInvis +     a - +0 quarterstaff
rCold  . . .     Gourm    .     C - +0 chain mail
rNeg   . . .     Faith    .     (no shield)
rPois  .         Spirit   .     (helmet unavailable)
rElec  .         Reflect  .     G - +0 cloak
rCorr  .         Harm     .     (no gloves)
MR     .....                    (no boots)
Stlth  ..........               (no amulet)
                                (no ring)
                                h - +5 ring of intelligence

@: confused, slow
A: permanent stasis, dig shafts and tunnels, four strong arms, antennae 3
a: Dig, Shaft Self, Bend Time, Renounce Religion


You were on level 5 of the Dungeon.
You worshipped Cheibriados.
Cheibriados was noncommittal.
You were not hungry.

You visited 1 branch of the dungeon, and saw 5 of its levels.

You collected 145 gold pieces.

Inventory:

Hand Weapons
 a - a +0 quarterstaff (weapon)
   (You found it on level 2 of the Dungeon)
 b - a +1 hand crossbow
 l - a +2 dagger of venom
   (You took it off Robin on level 3 of the Dungeon)
 q - a +0 short sword
 s - a +0 long sword
   (You found it on level 2 of the Dungeon)
 w - a cursed -1 mace
   (You found it on level 2 of the Dungeon)
 H - a +2 trident of protection
   (You took it off an orc on level 4 of the Dungeon)
Missiles
 d - 49 bolts
 e - 5 javelins
 g - 6 tomahawks
 i - 10 poisoned needles
 B - 3 stones (quivered)
 D - 2 exploding tomahawks
 E - 5 needles of sleeping
Armour
 c - a +0 leather armour
 z - a +1 animal skin
   (You took it off Robin on level 3 of the Dungeon)
 C - a +0 chain mail (worn)
   (You took it off an orc on level 4 of the Dungeon)
 G - a +0 cloak (worn)
   (You found it on level 4 of the Dungeon)
Jewellery
 h - a +5 ring of intelligence (left hand)
   (You found it on level 5 of the Dungeon)
Scrolls
 m - a scroll of enchant armour {unknown}
 r - a scroll of magic mapping {!r}
 t - 3 scrolls of identify
 u - 2 scrolls of amnesia {unknown}
 x - a scroll of noise {unknown}
 y - a scroll of remove curse {unknown}
 F - a scroll of blinking {unknown}
Potions
 k - a potion of cancellation
 v - a potion of magic
Comestibles
 f - 7 bread rations {@e1}
 j - 6 fruits
 n - a meat ration {@e2}
 p - 2 beef jerkies


   Skills:
 - Level 2.1 Fighting
 * Level 5.2 Staves
 - Level 5.1 Crossbows
 + Level 2.5 Armour
 - Level 1.7 Dodging
 - Level 1.2 Stealth


You had 6 spell levels left.
You didn't know any spells.

Dungeon Overview and Level Annotations

Branches:
Dungeon (5/15)
 Temple: D:4-7

Altars:
Cheibriados
Dithmenos
Fedhas
Gozag
Sif Muna
Uskayaw


Innate Abilities, Weirdness & Mutations

You are under a permanent stasis effect.
You can dig through walls and to a lower floor.
Your four strong arms can wield two-handed weapons with a shield.
You have a pair of large antennae on your head. (SInv)


Message History

The gnoll hits you from afar with a halberd.
The gnoll barely misses you.
You take 3 damage, and have 47/50 hp.
The hound barks!
The gnoll hits you.
You take 1 damage, and have 47/50 hp.
The gnoll hits you but does no damage. The gnoll hits you but does no damage.
The gnoll hits you from afar with a halberd!
There is a blossoming altar of Fedhas here.
You take 6 damage, and have 41/50 hp.
You extend your mandibles.
You dig through the rock wall.
You retract your mandibles.
You hit the gnoll. The gnoll hits you but does no damage.
The gnoll hits you from afar with a halberd.
You take 1 damage, and have 40/50 hp.
You hit the gnoll.
The gnoll hits you but does no damage. x2
You closely miss the gnoll.
The gnoll hits you from afar with a spear.
The gnoll hits you but does no damage.
You take 2 damage, and have 38/50 hp.
You thump the gnoll sergeant! The gnoll closely misses you.
You hit the gnoll sergeant but do no damage.
The gnoll sergeant hits you with a trident.
The gnoll barely misses you. The gnoll closely misses you.
You take 5 damage, and have 33/50 hp.
The gnoll sergeant hits you but does no damage.
You hit the gnoll sergeant but do no damage.
The gnoll sergeant hits you with a trident.
You take 3 damage, and have 30/50 hp.
You are too injured to fight recklessly!
The gnoll sergeant blocks your attack.
The gnoll sergeant hits you with a trident.
You take 3 damage, and have 27/50 hp.
Okay, then.
Your chain mail prevents you from hitting the gnoll sergeant.
The gnoll sergeant hits you but does no damage.
The gnoll sergeant blocks your attack.
The gnoll sergeant hits you but does no damage.
You hit the gnoll sergeant but do no damage.
The gnoll sergeant blocks your attack.
The gnoll sergeant hits you with a trident.
You take 4 damage, and have 24/50 hp.
You hit the gnoll sergeant.
The gnoll sergeant hits you with a trident!
* * * LOW HITPOINT WARNING * * *
You take 11 damage, and have 13/50 hp.
MASSIVE DAMAGE!!
You are confused.
You feel invigorated.
The gnoll sergeant hits you but does no damage.
You regained 4 hp, and now have 17/50 hp.
The gnoll sergeant hits you from afar with a trident.
You regained 5 hp, and now have 22/50 hp.
You bump into the rock wall.
The gnoll sergeant hits you but does no damage.
You regained 5 hp, and now have 27/50 hp.
You feel less invigorated.
You feel less confused.
The gnoll sergeant hits you with a trident!
You take 4 damage, and have 23/50 hp.
The gnoll sergeant blocks your attack. The gnoll sergeant closely misses you.
The gnoll sergeant blocks your attack.
The gnoll sergeant hits you with a trident!
* * * LOW HITPOINT WARNING * * *
The hound bites you but does no damage.
You take 11 damage, and have 12/50 hp.
MASSIVE DAMAGE!!
The gnoll sergeant closely misses you. The hound bites you but does no damage.
A jelly comes into view.
The jelly quivers.
The hound bites you.
* * * LOW HITPOINT WARNING * * *
The gnoll sergeant hits you but does no damage.
You take 1 damage, and have 11/50 hp.
The hound bites you but does no damage. The hound bites you.
* * * LOW HITPOINT WARNING * * *
You take 3 damage, and have 8/50 hp.
The hound bites you.
* * * LOW HITPOINT WARNING * * *
You take 2 damage, and have 6/50 hp.
The hound bites you.
* * * LOW HITPOINT WARNING * * *
The gnoll sergeant closely misses you.
You take 2 damage, and have 4/50 hp.
The hound bites you.
* * * LOW HITPOINT WARNING * * *
You take 2 damage, and have 2/50 hp.
You are confused.
You feel invigorated. The hound barely misses you.
The gnoll sergeant hits you from afar with a trident.
* * * LOW HITPOINT WARNING * * *
You take 1 damage, and have 1/50 hp.
You miss the hound. The hound barely misses you.
The jelly hits you but does no damage. The hound bites you.
* * * LOW HITPOINT WARNING * * *
The gnoll sergeant hits you from afar with a trident.
You die...

#....#####.#.## #.
#.....%....#..####.
#......g...#.......
#......g...#.######
#....g.....#.# #....g.....#.#
#### #..gg......#.###...
#.h........#.##.8##
#.@J.......#.##.##.
#..........#.##.#.8
*************#..........#..'.#..
*<,,,,,,,,,,,...##########.#.#.8
************##.## #.#.##.
#.**********#.#.8##
#.,,,,,,,,,,..##..,
##**********#..*### ##.,,,,


You could see a gnoll sergeant, a hound, a jelly and 5 gnolls.

Vanquished Creatures
  An ogre (D:5)
  A hound (D:4)
  2 orc wizards (D:4)
  A worker ant (D:4)
  Robin (D:3)
  9 adders
  3 worms
  3 dart slugs
  5 leopard geckos
  12 orcs
  A ball python (D:2)
  5 giant cockroaches
  9 goblins
  13 hobgoblins
  3 quokkas
  9 bats
  6 frilled lizards
  A kobold (D:1)
  A leopard gecko skeleton (D:3)
  6 rats
92 creatures vanquished.

Notes
Turn   | Place    | Note
-------+----------+-------------------------------------------
     0 | D:1      | taqueso the Formicid Hunter began the quest for the Orb.
     0 | D:1      | Reached XP level 1. HP: 16/16 MP: 1/1
   177 | D:1      | Reached XP level 2. HP: 21/22 MP: 2/2
   898 | D:2      | Reached XP level 3. HP: 21/27 MP: 3/3
   900 | D:2      | Reached skill level 5 in Crossbows
  1197 | D:2      | Reached XP level 4. HP: 33/33 MP: 4/4
  1220 | D:2      | Reached skill level 1 in Staves
  1601 | D:2      | Reached skill level 2 in Staves
  1990 | D:3      | Reached XP level 5. HP: 38/38 MP: 5/5
  2147 | D:3      | Reached skill level 3 in Staves
  2299 | D:3      | Found a shadowy altar of Dithmenos.
  2308 | D:3      | Noticed Robin
  2334 | D:3      | Killed Robin
  2794 | D:4      | Reached skill level 4 in Staves
  2832 | D:4      | Reached XP level 6. HP: 37/44 MP: 6/6
  2965 | D:4      | Found an opulent altar of Gozag.
  3094 | D:4      | Found a hide-covered altar of Uskayaw.
  3108 | D:4      | Reached skill level 1 in Armour
  3862 | D:4      | Found a deep blue altar of Sif Muna.
  4193 | D:5      | Entered Level 5 of the Dungeon
  4202 | D:5      | Noticed an ogre
  4211 | D:5      | HP: 8/44 [ogre/giant club (15)]
  4216 | D:5      | Killed an ogre
  4216 | D:5      | Reached skill level 5 in Staves
  4216 | D:5      | Reached skill level 2 in Armour
  4216 | D:5      | Reached XP level 7. HP: 42/50 MP: 7/7
  4268 | D:5      | Found a snail-covered altar of Cheibriados.
  4269 | D:5      | Found a blossoming altar of Fedhas.
  4278 | D:5      | Became a worshipper of Cheibriados the Contemplative
  4355 | D:5      | HP: 12/50 [gnoll sergeant/trident (11)]
  4360 | D:5      | HP: 6/50 [hound (2)]
  4362 | D:5      | HP: 2/50 [hound (3)]
  4364 | D:5      | Slain by a gnoll sergeant

Vault maps used:
D:1:      dpeg_arrival_oval
D:2:      first_bread
D:3:      lemuel_doored_altar, hangedman_decor_push, uniq_robin
D:4:      kennysheep_mini_moat, tgw_sif, overflow_temple_1_default
D:5:      nicolae_overflow_crystal_walls, nicolae_overflow_hidden_temple,
          grunt_ministairs_11, serial_park_tiny_1, uniq_eustachio

Skill      XL: |  1  2  3  4  5  6 |
---------------+-------------------+-----
Crossbows      | 5 |  5.1
Staves         | 2 4 5 |  5.2
Armour         | 2 |  2.5
Fighting       | |  2.1
Dodging        | |  1.7
Stealth        | |  1.2

Action                   |  1- 3 |  4- 6 |  7- 9 || total
-------------------------+-------+-------+-------++-------
Melee: Short sword       |    64 |       |       ||    64
       Quarterstaff      |     8 |   149 |    19 ||   176
       Long sword        |     6 |       |       ||     6
 Fire: Hand crossbow     |     5 |    34 |     5 ||    44
Throw: Javelin           |    12 |    29 |       ||    41
       Stone             |     8 |    85 |       ||    93
 Abil: Dig               |       |     3 |     3 ||     6
  Use: Potion            |       |     5 |     2 ||     7
       Scroll            |       |     5 |       ||     5
 Stab: Sleeping          |     2 |       |       ||     2
  Eat: Chunk             |     1 |     9 |     2 ||    12
Armor: Leather armour    |    16 |    27 |       ||    43
       Chain mail        |       |    31 |    20 ||    51
Dodge: Dodged            |    55 |    86 |    14 ||   155
       Rpst.: Long sword |     2 |       |       ||     2

Vault maps used:
D:1:      dpeg_arrival_oval
D:2:      first_bread
D:3:      lemuel_doored_altar, hangedman_decor_push, uniq_robin
D:4:      kennysheep_mini_moat, tgw_sif, overflow_temple_1_default
D:5:      nicolae_overflow_crystal_walls, nicolae_overflow_hidden_temple,
          grunt_ministairs_11, serial_park_tiny_1, uniq_eustachio

Table legend:
 A = Turns spent in this place as a percentage of turns spent in the entire game.
 B = Non-inter-level travel turns spent in this place as a percentage of non-inter-level travel turns spent in the entire game.
 C = Inter-level travel turns spent in this place as a percentage of turns spent in this place.
 D = Turns resting spent in this place as a percentage of non-inter-level travel turns spent in this place.
 E = Turns spent auto-exploring this place as a percentage of non-inter-level travel turns spent in this place.
 F = Non-inter-level travel turns spent in this place divided by the number of levels of this place that you've seen.
                   A       B       C       D       E      F
               +-------+-------+-------+-------+-------+----------------------
         Total | 100.0 | 100.0 |   0.4 |   1.8 |   9.1 | 262.8
       Dungeon | 100.0 | 100.0 |   0.4 |   1.8 |   9.1 | 262.8
               +-------+-------+-------+-------+-------+----------------------

Table legend:
 A = Kills in this place as a percentage of kills in entire the game.
 B = Kills by you in this place as a percentage of kills by you in the entire game.
 C = Kills by friends in this place as a percentage of kills by friends in the entire game.
 D = Other kills in this place as a percentage of other kills in the entire game.
 E = Experience gained in this place as a percentage of experience gained in the entire game.
 F = Experience gained in this place divided by the number of levels of this place that you have seen.
                   A       B       C       D       E      F
               +-------+-------+-------+-------+-------+----------------------
         Total | 100.0 | 100.0 |  -nan |  -nan | 100.0 | 115.6
       Dungeon | 100.0 | 100.0 |  -nan |  -nan | 100.0 | 115.6
               +-------+-------+-------+-------+-------+----------------------
